 Dungeon Crawl Stone Soup version 0.30.0-19-g36f170ea60 (webtiles) character file.

Game seed: 14927156293445012189

247 Bamboolord the Poker (level 5, -1/40 HPs)
             Began as a Demonspawn Gladiator on May 29, 2023.
             Killed by divine providence
             ... invoked by an orc priest
              (10 damage)
             ... on level 3 of the Dungeon.
             The game lasted 00:04:53 (2501 turns).

Bamboolord the Poker (Demonspawn Gladiator)         Turns: 2501, Time: 00:04:53

Health: -1/40      AC:  9    Str: 17    XL:     5   Next: 85%
Magic:  5/5        EV: 12    Int:  9    God:
Gold:   131        SH:  0    Dex: 14    Spells: 4/4 levels left

rFire   . . .        a - +0 trident
rCold   . . .        p - orb {light}
rNeg    . . .        k - +0 ring mail
rPois   .            (helmet restricted)
rElec   .            n - +0 cloak
rCorr   .            q - +0 pair of gloves
SInv    .            (no boots)
Will    .....        (no amulet)
Stlth   +            (no ring)
HPRegen 0.26/turn    (no ring)
MPRegen 0.09/turn

%: no passive effects
@: glowing
A: antennae 1, icy blue scales 1, ignite blood 1, powered by pain 1
a: no special abilities


You were on level 3 of the Dungeon.
You visited 1 branch of the dungeon, and saw 4 of its levels.

You collected 131 gold pieces.

Inventory:

Hand Weapons
 a - a +0 trident (weapon)
Missiles
 d - 3 throwing nets
 e - 4 javelins (quivered)
Armour
 k - a +0 ring mail (worn)
 n - a +0 cloak (worn)
 p - an orb of light (worn)
 q - a +0 pair of gloves (worn)
Scrolls
 b - a scroll of enchant armour {unknown}
 c - a scroll of fog {unknown}
 f - a scroll of immolation {unknown}
 g - 2 scrolls of fear {unknown}
 i - 2 scrolls of teleportation
 m - a scroll of identify {unknown}
Potions
 h - a potion of haste {unknown}
 j - a potion of might {unknown}
 l - 2 potions of ambrosia {unknown}
 o - a potion of curing {unknown}
 r - a potion of lignification {unknown}


   Skills:
 * Level 2.8 Fighting
 * Level 4.3 Polearms
 * Level 2.4 Throwing
 * Level 2.1 Armour
 * Level 3.4 Dodging


You had 4 spell levels left.
You didn't know any spells.
Your spell library was empty.

Dungeon Overview and Level Annotations

Branches:
Dungeon (4/15)
 Temple: D:4-7

Altars:

Shops:
D:1 :


Innate Abilities, Weirdness & Mutations

You have a pair of small antennae on your head.
You are partially covered in icy blue scales. (AC +2)
Your demonic aura sometimes causes spilled blood to erupt in flames.
You sometimes gain a little power by taking damage.


Message History

The iguana misses you.
The orc hits you with a +2 flail of holy wrath.
You convulse.
The orc hits you with a +1 dagger of protection.
The giant cockroach bites you but does no damage.
You climb upwards.
There is a stone staircase leading down here.
You hit the iguana.
The iguana is lightly wounded.
The iguana misses you.
The orc priest hits you with a +0 hand axe.
The giant cockroach closely misses you.
You puncture the iguana!
The iguana is almost dead.
The giant cockroach bites you but does no damage.
The orc priest hits you but does no damage.
The iguana hisses menacingly.
The iguana barely misses you.
You hit the iguana.
The iguana is almost dead.
The giant cockroach barely misses you. The orc priest closely misses you.
The iguana bites you. The giant cockroach closely misses you.
You barely miss the iguana.
The iguana is almost dead.
The iguana bites you.
The orc priest hits you with a +0 hand axe.
* * * LOW HITPOINT WARNING * * *
The giant cockroach bites you but does no damage.
You hit the orc priest but do no damage.
The iguana closely misses you.
The orc priest hits you with a +0 hand axe.
* * * LOW HITPOINT WARNING * * *
The giant cockroach bites you but does no damage.
You hit the orc priest.
The orc priest is lightly wounded.
The giant cockroach bites you.
* * * LOW HITPOINT WARNING * * *
The orc priest mumbles some strange prayers to Beogh against you.
Beogh smites you!
You die...

......##...###.....).....# ####
.........#..##..#################
.####.##....##..# #........ ##
#.###.#.##..# #.####### # #.#
#.#.##..#########.#### # #.#
#.#.##..##...........####
#####.###......o...######.##.....
....>..........o#########.#######
#######.......oB@l........#
>.......<......############
^...........#### #############


You could see an iguana, an orc priest, 2 orcs and a giant cockroach.

Vanquished Creatures
  A scorpion (D:3)
  Crazy Yiuf (D:2)
  Natasha (thrice) (D:2)
  An adder (D:2)
  2 worms
  A dart slug (D:2)
  An orc (D:2)
  4 endoplasms
  4 giant cockroaches
  4 goblins
  6 hobgoblins
  11 jackals (D:2)
  2 quokkas (D:2)
  4 ball pythons
  5 bats
  3 frilled lizards
  4 kobolds
  7 rats
64 creatures vanquished.

Notes
Turn   | Place    | Note
-------+----------+-------------------------------------------
     0 | D:1      | Bamboolord the Demonspawn Gladiator began the quest for the
                  | Orb.
     0 | D:1      | Reached XP level 1. HP: 16/16 MP: 1/1
     3 | D:1      | Noticed an electric eel
     4 | D:1      | Noticed an electric eel
   124 | D:1      | Found Meuzeeny's Book Shoppe.
   198 | D:1      | Gained mutation: You have a pair of small antennae on your
                  | head. [demonic ancestry]
   198 | D:1      | Reached XP level 2. HP: 18/22 MP: 2/2
   200 | D:1      | Reached skill level 3 in Polearms
   864 | D:2      | Gained mutation: Your demonic aura sometimes causes spilled
                  | blood to erupt in flames. [demonic ancestry]
   864 | D:2      | Reached XP level 3. HP: 16/27 MP: 3/3
   986 | D:2      | Noticed Natasha
   993 | D:2      | Killed Natasha
  1092 | D:2      | Reached skill level 1 in Armour
  1105 | D:2      | Gained mutation: You sometimes gain a little power by
                  | taking damage. [demonic ancestry]
  1105 | D:2      | Reached XP level 4. HP: 30/34 MP: 4/4
  1138 | D:2      | Noticed Natasha
  1143 | D:2      | Killed Natasha
  1397 | D:2      | Noticed Natasha
  1401 | D:2      | Killed Natasha
  1477 | D:2      | Gained mutation: You are partially covered in icy blue
                  | scales. (AC +2) [demonic ancestry]
  1477 | D:2      | Reached XP level 5. HP: 39/39 MP: 5/5
  1542 | D:2      | Found a runed translucent door.
  1543 | D:2      | Noticed Crazy Yiuf
  1624 | D:2      | Killed Crazy Yiuf
  1750 | D:3      | Reached skill level 4 in Polearms
  2337 | D:3      | Identified the +7 dagger "Piest" {freeze, MP+9}
  2501 | D:3      | Killed from afar by an orc priest

Illustrated notes

Levels and vault maps discovered:
D:1:      arrival_aquarium_b, layout_loops_cross, serial_shops,
          nicolae_lakefront_shop, minmay_misc_feat_alley, serial_bayou_pond_c
D:2:      layout_rooms, serial_bayou_pond_d, uniq_crazy_yiuf_cottage,
          uniq_natasha
D:3:      layout_loops_ring
D:4:      layout_basic, nicolae_eternal_life

Skill      XL: |  1  2  3  4  5 |
---------------+----------------+-----
Polearms       | 3 4 |  4.3
Dodging        | 3 |  3.4
Throwing       | 2 |  2.4
Armour         | 1 2 |  2.1
Fighting       | |  2.8

Action                     |  1- 3 |  4- 6 || total
---------------------------+-------+-------++-------
  Melee: Trident           |   135 |   104 ||   239
         Punch             |     1 |     1 ||     2
  Throw: Throwing net      |     2 |       ||     2
         Javelin           |       |     4 ||     4
    Use: Scroll            |     1 |       ||     1
 Armour: Leather armour    |    15 |       ||    15
         Ring mail         |    57 |    35 ||    92
  Dodge: Dodged            |   111 |    52 ||   163
